 Dungeon Crawl Stone Soup version 0.27.1-2-g3b301248ec (webtiles) character file.

Game seed: 16813183730510016824

76 Metae the Skirmisher (level 4, -3/40 HPs)
             Began as a Minotaur Fighter on Sept 30, 2021.
             Was an Initiate of Makhleb.
             Slain by Sigmund (4 damage)
             ... on level 2 of the Dungeon.
             The game lasted 00:07:52 (2250 turns).

Metae the Skirmisher (Minotaur Fighter)             Turns: 2250, Time: 00:07:53

Health: -3/40      AC:  7    Str: 19    XL:     4   Next: 12%
Magic:  3/3        EV:  7    Int:  5    God:    Makhleb [......]
Gold:   64         SH:  9    Dex: 10    Spells: 3/3 levels left

rFire    . . .     SeeInvis .   a - +0 war axe
rCold    + . .     Faith    .   c - +0 kite shield
rNeg     . . .     Spirit   .   e - +0 scale mail
rPois    .         Reflect  .   (helmet restricted)
rElec    .         Harm     .   (no cloak)
rCorr    .         Rampage  .   (no gloves)
Will     .....                  (no boots)
Stlth    ..........             (no amulet)
HPRegen  0.13/turn              (no ring)
MPRegen  0.08/turn              (no ring)

@: no status effects
A: horns 2, retaliatory headbutt, cold resistance 1, weak 1
a: Renounce Religion


You were on level 2 of the Dungeon.
You worshipped Makhleb.
Makhleb was noncommittal.
You visited 1 branch of the dungeon, and saw 2 of its levels.

You collected 64 gold pieces.

Inventory:

Hand Weapons
 a - a +0 war axe (weapon)
 b - a +0 hunting sling
 m - a +4 dagger of electrocution
Missiles
 i - 75 stones (quivered)
Armour
 c - a +0 kite shield (worn)
 e - a +0 scale mail (worn)
Jewellery
 q - an amulet of faith
Scrolls
 f - 2 scrolls of identify {unknown}
 h - a scroll of enchant weapon {unknown}
 o - a scroll of noise {unknown}
 p - a scroll of holy word {unknown}
Potions
 g - a potion of mutation
 j - a potion of magic {unknown}
 l - a potion of invisibility {unknown}
 n - 2 potions of lignification {unknown}


   Skills:
 + Level 4.3 Fighting
 + Level 3.4 Axes
 + Level 0.8 Slings
 + Level 4.2 Armour
 + Level 4.2 Shields


You had 3 spell levels left.
You didn't know any spells.
Your spell library contained the following spells:

 Spells                   Type           Power      Damage    Failure   Level
 Summon Small Mammal      Summ           0%         N/A       99%         1
 Call Canine Familiar     Summ           0%         N/A       100%        3
 Summon Guardian Golem    Hex/Summ       0%         N/A       100%        3


Dungeon Overview and Level Annotations

Branches:
Dungeon (2/15)

Altars:
Makhleb

Shops:
D:2 [

Annotations:
D:2 Sigmund


Innate Abilities, Weirdness & Mutations

You have a pair of horns on your head.
You reflexively headbutt those who attack you in melee.
Your flesh is cold resistant. (rC+)
You are weak. (Str -2)


Message History

Deactivating autopickup; reactivate with Ctrl-A.
A kobold comes into view. It is wielding a +0 dagger.
You bump into the rock wall.
You bump into the rock wall.
You feel less confused.
The kobold throws a stone.
The stone hits you but does no damage. Something hits you!
You feel very mighty all of a sudden. Something hits you but does no damage.
The kobold throws a stone.
The stone barely misses you. Something hits you!
You hit something. You headbutt something!
You hear some strange, mumbled words.
Something tries to affect you, but you resist.
You miss something. You block something's attack.
The kobold throws a stone.
The stone hits you but does no damage.
You miss something.
The kobold throws a stone.
The stone hits you.
You slash something! Your headbutt misses something. Something hits you.
The kobold throws a stone.
Something hits you.
You slash something! Something hits you.
You barely miss something.
The kobold throws a stone.
You block the stone.
The kobold throws a stone.
You block the stone. Something hits you!
* * * LOW HITPOINT WARNING * * *
You closely miss something.
The kobold throws a stone.
You block the stone. Something hits you.
* * * LOW HITPOINT WARNING * * *
It was a potion of mutation.
You feel extremely strange.
You feel weaker.
You feel resistant to cold.
You barely miss something. Something hits you.
* * * LOW HITPOINT WARNING * * *
It was a potion of cancellation.
Your magical effects are unravelling.
You feel magically purged.
You feel a little less mighty now. Something hits you but does no damage.
You closely miss something. Something hits you.
* * * LOW HITPOINT WARNING * * *
The kobold throws a stone.
You block the stone.
You hit something but do no damage. Something hits you but does no damage.
You closely miss something. Something hits you.
You die...

#.#.##.##.......##
#.....#.#........#
#.<#..##.##.....#
#..#....#.#.....#
#.......##.####...#
##.####...#...#.###
#K# ##..#...#.#
#{####...#...#.#
#@..>..##.####.#
####..)#.#.....#
##..##.##..#..#
#...#.#...##.####
#.##.##..).......
#.#.#...####.###.
###.###..## #...##.
#........# #.....##
#.....#..# ##...##


You could see a kobold.

Vanquished Creatures
  Terence (D:2)
  2 adders
  2 dart slugs
  3 endoplasms
  6 goblins (D:2)
  2 kobolds
  A quokka (D:1)
  5 ball pythons
  2 bats
  2 frilled lizards (D:2)
  2 rats (D:1)
28 creatures vanquished.

Notes
Turn   | Place    | Note
-------+----------+-------------------------------------------
     0 | D:1      | Metae the Minotaur Fighter began the quest for the Orb.
     0 | D:1      | Reached XP level 1. HP: 19/19 MP: 0/0
   480 | D:1      | Reached XP level 2. HP: 22/27 MP: 1/1
   909 | D:2      | Found Wimezeiff's Armour Shoppe.
  1008 | D:2      | Noticed Sigmund
  1273 | D:2      | Reached XP level 3. HP: 15/33 MP: 2/2
  1972 | D:2      | Noticed Terence
  1980 | D:2      | Killed Terence
  2000 | D:2      | Reached XP level 4. HP: 32/40 MP: 3/3
  2057 | D:2      | Found a burning altar of Makhleb.
  2065 | D:2      | Became a worshipper of Makhleb the Destroyer
  2245 | D:2      | Gained mutation: You are weak. (Str -2) [potion of
                  | mutation]
  2245 | D:2      | Gained mutation: Your flesh is cold resistant. (rC+)
                  | [potion of mutation]
  2246 | D:2      | HP: 2/40 [something (3)]
  2250 | D:2      | Slain by Sigmund

Illustrated notes

Levels and vault maps discovered:
D:1:      ebering_trefoil_twist, layout_loops_ring
D:2:      layout_loops_corners, serial_shops, shop_statue, basic_altar,
          minmay_curled_crystal, minmay_vboxes, uniq_terence, uniq_sigmund

Skill      XL: |  1  2 |
---------------+-------+-----
Fighting       | 4 |  4.3
Armour         | 4 |  4.2
Shields        | 4 |  4.2
Axes           | 3 |  3.4
Slings         | |  0.8

Action                   |  1- 3 |  4- 6 || total
-------------------------+-------+-------++-------
Melee: War axe           |    48 |    17 ||    65
       Headbutt          |     5 |     1 ||     6
  Use: Potion            |       |     3 ||     3
Armor: Scale mail        |    27 |     8 ||    35
Dodge: Dodged            |    22 |     2 ||    24
Block: Kite shield       |    31 |     9 ||    40
